Construct Section Command Post
Selects Air and Sea Battlegroup
Construct Platoon Command Post
Selects Commando Section Paradrop
Commando Section Paradrop
Construct Field Infirmary
Unlock M3 Stuart Light Tanks
Selects M1 Pack Howitzer Paradrop
Construct Field Infirmary
M1 Pack Howitzer Paradrop
6-pounder Anti-tank Gun Team
Construct Company Command Post
Selects Centaur Medium Tank
Selects Naval Bombardment
Unlock Towed 17-pounder Anti-tank Guns
17-pounder Anti-tank Gun Team
Selects Anti-tank Rocket Loiter
17-pounder Anti-tank Gun Team
Construct Field Infirmary
6-pounder Anti-tank Gun Team